 Dungeon Crawl Stone Soup version 0.18-a0-1784-ga939a68 (webtiles) character file.

16114 Chiseanne the Demonic Aeon (level 12, 0/145 HPs)
             Began as a Demonspawn Monk on Apr 18, 2016.
             Was the Champion of Cheibriados.
             Slain by a catoblepas (9 damage)
             ... on level 11 of the Dungeon.
             The game lasted 00:45:20 (10534 turns).

Chiseanne the Demonic Aeon (Demonspawn Monk)       Turns: 10534, Time: 00:45:21

Health: 0/145      AC: 26    Str: 29    XL:     12   Next: 7%
Magic:  0/22       EV:  2    Int: 33    God:    Cheibriados [******]
Gold:   437        SH:  8    Dex: 36    Spells: 5 memorised, 13 levels left

rFire  . . .     SeeInvis .     a - +9 broad axe of Toffy Meu {chop, *Corrode rPois rC+ Dex+7}
rCold  + . .     Gourm    .     (armour currently unavailable)
rNeg   + + +     Faith    .     i - +0 buckler
rPois  +         Spirit   +     (helmet currently unavailable)
rElec  .         Dismiss  .     (cloak currently unavailable)
rCorr  .         Reflect  .     (gloves currently unavailable)
SustAt .         Harm     .     (boots currently unavailable)
MR     .....     NoTele   +     w - amulet of guardian spirit
Stlth  ++++......               (no ring)
                                I - +5 ring of intelligence

@: tree-form (expiring), repel missiles, very slow, not resistant to hostile
enchantments, stealthy
A: (talons 0), rough black scales 3
a: Bend Time, Temporal Distortion, Slouch, Step From Time, Renounce Religion


You were on level 11 of the Dungeon.
You worshipped Cheibriados.
Cheibriados was exalted by your worship.
You were not hungry.
You were a tree.
You visited 2 branches of the dungeon, and saw 13 of its levels.

You collected 527 gold pieces.
You spent 90 gold pieces at shops.

Inventory:

Hand Weapons
 a - the +9 broad axe of Toffy Meu (weapon) {chop, *Corrode rPois rC+ Dex+7}
   (You found it on level 8 of the Dungeon)

   It inflicts extra damage upon your enemies.
   It affects your dexterity (+7).
   It protects you from cold.
   It protects you from poison.
   It may corrode you when you take damage.
 s - a +1 whip of flaming
Missiles
 e - 3 curare-tipped needles
 f - 2 throwing nets
 g - 86 poisoned needles
 n - 30 sling bullets
 p - 37 tomahawks (quivered)
 u - 80 bolts
 F - 5 javelins
Armour
 i - a +0 buckler (worn)
 o - a +0 cloak (melded)
 y - the +3 ring mail "Tuiloxas" (melded) {rPois rC++ Str-3 Dex+3}
   (You found it on level 9 of the Dungeon)

   It affects your strength (-3).
   It affects your dexterity (+3).
   It greatly protects you from cold.
   It protects you from poison.
 O - the +2 helmet of Repulsion (melded) {Regen+ Int+3 SInv}
   (You found it on level 7 of the Dungeon)

   It affects your intelligence (+3).
   It lets you see invisible.
   It increases your rate of regeneration.
 Q - a +1 pair of gloves (melded)
Magical Staves
 K - an uncursed staff of death
Jewellery
 w - an amulet of guardian spirit (around neck)
 D - the ring "Afaczut" {+Fly rF- Int+2 SInv}
   (You found it on level 8 of the Dungeon)

   [ring of see invisible]

   It affects your intelligence (+2).
   It makes you vulnerable to fire.
   It lets you see invisible.
   It lets you fly.
 I - a +5 ring of intelligence (left branch)
 P - an uncursed ring of ice
Wands
 B - a wand of enslavement (18/24)
 J - a wand of lightning (8/15)
 L - a wand of iceblast (0/15)
 M - a wand of acid (9/15)
Scrolls
 d - 4 scrolls of magic mapping
 j - 2 scrolls of enchant armour
 m - 2 scrolls of amnesia
 v - a scroll of teleportation
 A - 7 scrolls of remove curse
Potions
 h - a potion of cure mutation
 k - a potion of beneficial mutation {unknown}
 x - a potion of agility {unknown}
 z - a potion of invisibility
 E - 5 potions of lignification
 G - 4 potions of cancellation
Books
 c - a book of Clouds

   Spells                             Type                      Level
   a - Mephitic Cloud                 Conjuration/Poison/Air       3
   b - Conjure Flame                  Conjuration/Fire             3
   c - Poisonous Cloud                Conjuration/Poison/Air       6
   d - Freezing Cloud                 Conjuration/Ice/Air          6
   e - Ring of Flames                 Charms/Fire                  7
 C - a book of the Earth

   Spells                             Type                      Level
   a - Leda's Liquefaction            Hexes/Earth                  4
   b - Bolt of Magma                  Conjuration/Fire/Earth       5
   c - Statue Form                    Transmutation/Earth          6
   d - Iron Shot                      Conjuration/Earth            6
   e - Shatter                        Earth                        9
 H - a book of Minor Magic

   Spells                             Type                      Level
   a - Magic Dart                     Conjuration                  1
   b - Blink                          Translocation                2
   c - Call Imp                       Summoning                    2
   d - Repel Missiles                 Charms/Air                   2
   e - Slow                           Hexes                        2
   f - Conjure Flame                  Conjuration/Fire             3
   g - Mephitic Cloud                 Conjuration/Poison/Air       3
 R - a book of Summonings

   Spells                             Type                      Level
   a - Recall                         Summoning/Translocation      3
   b - Aura of Abjuration             Summoning                    5
   c - Summon Demon                   Summoning                    5
   d - Summon Forest                  Summoning/Translocation      5
   e - Summon Mana Viper              Hexes/Summoning              5
   f - Shadow Creatures               Summoning                    6
Comestibles
 b - 4 bread rations
 l - 3 beef jerkies
 q - 4 meat rations
 r - 2 slices of pizza
 t - 2 chunks of flesh


   Skills:
 * Level 10.1 Fighting
 * Level 7.0 Armour
 - Level 3.8 Dodging
 - Level 1.7 Stealth
 - Level 4.8 Shields
 - Level 3.6 Unarmed Combat
 * Level 7.1 Spellcasting
 * Level 6.7 Air Magic
 * Level 11.9 Invocations


You had 13 spell levels left.
You knew the following spells:

 Your Spells              Type           Power        Failure   Level  Hunger
a - Mephitic Cloud        Conj/Pois/Air  ####....     4%          3    None
b - Conjure Flame         Conj/Fire      ##......     14%         3    None
c - Slow                  Hex            ##......     8%          2    None
d - Blink                 Tloc           N/A          8%          2    None
e - Repel Missiles        Chrm/Air       ####..       1%          2    None


Dungeon Overview and Level Annotations

Branches:
Dungeon (12/15)            Temple (1/1) D:4            Lair (0/8) D:11
    Orc: D:9-12

Altars:
Ashenzari
Cheibriados
Dithmenos
Elyvilon
Fedhas
Gozag
Kikubaaqudgha
Makhleb
Nemelex Xobeh
Okawaru
Pakellas
Qazlal
Ru
Sif Muna
Trog
Vehumet
Xom
Yredelemnul
Zin
The Shining One

Shops:
D:4 [   D:5 *

Portals:
Trove: D:10 (give wand of heal wounds (9))

Annotations:
D:4 1 runed door, Chiseanne's ghost, amateur DsMo
D:7 exclusion: statue


Innate Abilities, Weirdness & Mutations

((You have sharp toenails.))
(You are completely covered in rough black scales (AC +10, Dex -3).)


Message History

* * * LOW HITPOINT WARNING * * *
You turn to wood and can move again.
You don't have enough magic at the moment.
Unknown command.
Drink which item? (? for menu, Esc to quit)
You feel better. The catoblepas gores you!
* * * LOW HITPOINT WARNING * * *
Drink which item? (? for menu, Esc to quit)
You feel better.
The catoblepas gores you but does no damage.
You slash the catoblepas!
The catoblepas is moderately wounded.
The catoblepas gores you but does no damage.
The catoblepas gores you.
* * * LOW HITPOINT WARNING * * *
You slash the catoblepas!
The catoblepas is severely wounded.
Your transformation is almost over.
The catoblepas gores you!
You die...

.. ##.' ### ##...#
###...#
##.....#######.......
#....P..#...♣Yl......
##.......#.####[......
#..P...)...# .......
###..........# .......
......>.....# .......
#.........## ....... #
#.........# ....... #
##.......## ...?... #
#.......# ####.# #


You could see a catoblepas and a wyvern.

Vanquished Creatures
  Maud (D:10)
  Harold (D:10)
  The ghost of namelastname112 the Thaumaturge, a journeyman DrCj of Vehumet (D:11)
  Urug (D:10)
  2 hill giants (D:10)
  Pikel (D:9)
  An ugly thing (D:8)
  2 manticores (D:11)
  A centaur zombie (D:10)
  2 gargoyles
  3 trolls
  Prince Ribbit (D:7)
  Grinder (D:4)
  A vampire (D:9)
  A wyvern (D:6)
  A wraith (D:10)
  3 yaks (D:11)
  6 humans (D:7)
  A hippogriff (D:10)
  A hungry ghost (D:9)
  3 wargs
  A water moccasin (D:7)
  Duvessa (D:5)
  8 orc warriors
  An ice beast (D:6)
  2 sky beasts
  An eye of draining (D:9)
  4 slaves (D:9)
  8 ogres
  A necrophage (D:10)
  11 centaurs
  A big kobold (D:8)
  3 giant frogs (D:6)
  Dowan (D:5)
  2 scorpions
  A wyvern skeleton (D:10)
  6 killer bees (D:10)
  A howler monkey (D:7)
  7 crimson imps
  2 giant frog zombies (D:10)
  7 hounds
  3 jellies
  9 orc priests
  21 orc wizards
  2 giant frog skeletons
  11 worker ants
  Natasha (thrice) (D:3)
  6 iguanas
  Terence (D:3)
  A sheep (D:7)
  A killer bee zombie (D:7)
  10 adders
  7 gnolls
  3 shadow imps
  An adder zombie (D:7)
  A worm (D:3)
  An adder skeleton (D:8)
  3 dart slugs
  4 giant geckos
  53 orcs
  2 ball pythons (D:3)
  4 giant cockroaches
  9 goblins
  11 hobgoblins
  15 jackals
  11 kobolds
  4 quokkas
  11 bats
  A giant gecko skeleton (D:6)
  5 giant newts
  A quokka skeleton (D:7)
  6 rats
  2 butterflies (D:8)
  A plant (D:8)
328 creatures vanquished.

Notes
Turn   | Place    | Note
--------------------------------------------------------------
     0 | D:1      | Chiseanne the Demonspawn Monk began the quest for the Orb.
     0 | D:1      | Reached XP level 1. HP: 18/18 MP: 1/1
   288 | D:1      | Gained mutation: You have sharp toenails. [demonic ancestry]
   288 | D:1      | Reached XP level 2. HP: 24/24 MP: 2/2
  1228 | D:2      | Reached XP level 3. HP: 24/29 MP: 3/3
  1503 | D:2      | Reached skill level 1 in Armour
  1507 | D:2      | Found a sparkling altar of Nemelex Xobeh.
  1532 | D:2      | Gained mutation: You are partially covered in rough black scales (AC +4, Dex -1). [demonic ancestry]
  1532 | D:2      | Reached XP level 4. HP: 36/37 MP: 4/4
  1808 | D:3      | Noticed Natasha
  1816 | D:3      | Killed Natasha
  1970 | D:3      | Found a snail-covered altar of Cheibriados.
  1994 | D:3      | Became a worshipper of Cheibriados the Contemplative
  1994 | D:3      | Reached * piety under Cheibriados
  1994 | D:3      | Reached ** piety under Cheibriados
  2063 | D:3      | Noticed Natasha
  2067 | D:3      | Killed Natasha
  2067 | D:3      | Reached skill level 1 in Invocations
  2110 | D:3      | Noticed Terence
  2121 | D:3      | Killed Terence
  2121 | D:3      | Reached XP level 5. HP: 38/42 MP: 5/5
  2199 | D:3      | Noticed Natasha
  2209 | D:3      | Killed Natasha
  2294 | D:3      | Found an opulent altar of Gozag.
  2342 | D:3      | Found a sacrificial altar of Ru.
  2352 | D:3      | Found a glowing golden altar of the Shining One.
  2392 | D:3      | Noticed a centaur
  2400 | D:3      | Killed a centaur
  2400 | D:3      | Reached skill level 1 in Shields
  2400 | D:3      | Reached skill level 2 in Invocations
  2400 | D:3      | Reached XP level 6. HP: 42/49 MP: 7/7
  2826 | D:4      | Found Zellil's Armour Shoppe.
  2826 | D:4      | Noticed Chiseanne's ghost (amateur DsMo)
  3078 | D:4      | Reached skill level 3 in Invocations
  3089 | D:4      | Reached *** piety under Cheibriados
  3681 | D:4      | Reached XP level 7. HP: 55/55 MP: 9/9
  3739 | D:4      | Reached skill level 5 in Fighting
  3739 | D:4      | Reached skill level 4 in Invocations
  3837 | D:4      | Noticed Grinder
  3847 | D:4      | Paralysed by Grinder for 4 turns
  3852 | D:4      | Killed Grinder
  4232 | D:4      | Found a glowing golden altar of the Shining One.
  4233 | D:4      | Found a runed door.
  4233 | D:4      | Noticed an angel
  4521 | D:3      | Reached **** piety under Cheibriados
  4658 | D:4      | Found a staircase to the Ecumenical Temple.
  4667 | Temple   | Entered the Ecumenical Temple
  4989 | D:4      | Found a glowing silver altar of Zin.
  5054 | D:5      | Entered Level 5 of the Dungeon
  5057 | D:5      | Noticed Duvessa
  5058 | D:5      | Noticed Dowan
  5058 | D:5      | Reached skill level 5 in Invocations
  5058 | D:5      | Gained mutation: You are mostly covered in rough black scales (AC +7, Dex -2). [demonic ancestry]
  5058 | D:5      | Reached XP level 8. HP: 64/64 MP: 6/11
  5072 | D:5      | Killed Duvessa
  5089 | D:5      | Killed Dowan
  5110 | D:5      | Reached skill level 6 in Invocations
  5264 | D:5      | Found a burning altar of Makhleb.
  5661 | D:5      | Found Jity's General Store.
  5664 | D:5      | Bought a cursed ring of loudness for 54 gold pieces
  5664 | D:5      | Bought a scroll of teleportation for 36 gold pieces
  5887 | D:6      | Reached skill level 1 in Spellcasting
  5998 | D:6      | Found a shattered altar of Ashenzari.
  6069 | D:6      | Found an ancient bone altar of Kikubaaqudgha.
  6086 | D:6      | Reached skill level 7 in Invocations
  6086 | D:6      | Reached XP level 9. HP: 56/71 MP: 10/14
  6381 | D:6      | Found a shadowy altar of Dithmenos.
  6395 | D:6      | Learned a level 3 spell: Mephitic Cloud
  6518 | D:6      | Found a deep blue altar of Sif Muna.
  6648 | D:7      | Noticed Prince Ribbit
  6660 | D:7      | Killed Prince Ribbit
  6780 | D:7      | Got an ancient helmet
  6791 | D:7      | Identified the +2 helmet of Repulsion {Regen+ Int+3 SInv} (You found it on level 7 of the Dungeon)
  6796 | D:7      | Learned a level 3 spell: Conjure Flame
  6827 | D:7      | Reached skill level 1 in Air Magic
  6828 | D:7      | Reached skill level 8 in Invocations
  7066 | D:7      | Found a radiant altar of Vehumet.
  7143 | D:7      | Found a blossoming altar of Fedhas.
  7294 | D:7      | Reached skill level 9 in Invocations
  7313 | D:8      | Reached XP level 10. HP: 80/80 MP: 16/16
  7320 | D:8      | Found a burning altar of Makhleb.
  7334 | D:8      | Found a shimmering altar of Xom.
  7334 | D:8      | Noticed a purple ugly thing
  7355 | D:8      | Killed a purple ugly thing
  7927 | D:8      | Got a jewelled broad axe
  7928 | D:8      | Identified the +9 broad axe of Toffy Meu {chop, *Corrode rPois rC+ Dex+7} (You found it on level 8 of the Dungeon)
  8304 | D:9      | Got a dazzling ring mail
  8316 | D:9      | Identified the +3 ring mail "Tuiloxas" {rPois rC++ Str-3 Dex+3} (You found it on level 9 of the Dungeon)
  8334 | D:9      | Reached skill level 5 in Spellcasting
  8342 | D:9      | Reached ***** piety under Cheibriados
  8408 | D:9      | Noticed Pikel
  8421 | D:9      | Killed Pikel
  8444 | D:9      | Reached skill level 5 in Armour
  8444 | D:9      | Reached skill level 10 in Invocations
  8936 | D:10     | Entered Level 10 of the Dungeon
  8963 | D:10     | Noticed Maud
  9084 | D:10     | Killed Maud
  9084 | D:10     | Reached skill level 5 in Air Magic
  9084 | D:10     | Gained mutation: You are completely covered in rough black scales (AC +10, Dex -3). [demonic ancestry]
  9084 | D:10     | Reached XP level 11. HP: 89/89 MP: 13/19
  9580 | D:10     | Noticed a hill giant
  9591 | D:10     | Killed a hill giant
  9591 | D:10     | Reached skill level 11 in Invocations
  9656 | D:10     | You fall through a shaft for 2 floors!
  9725 | D:11     | Noticed namelastname112's ghost (journeyman DrCj)
  9840 | D:10     | Noticed Harold
  9858 | D:10     | Killed Harold
  9863 | D:10     | Noticed Urug
  9891 | D:10     | Killed Urug
  9996 | D:10     | Found a portal to a secret trove of treasure.
 10076 | D:10     | Noticed a hill giant
 10084 | D:10     | Killed a hill giant
 10292 | D:8      | Got an ancient marble ring
 10298 | D:8      | Identified the ring "Afaczut" {+Fly rF- Int+2 SInv} (You found it on level 8 of the Dungeon)
 10405 | D:11     | Learned a level 2 spell: Repel Missiles
 10409 | D:11     | Learned a level 2 spell: Blink
 10412 | D:11     | Learned a level 2 spell: Slow
 10414 | D:11     | Found a staircase to the Lair.
 10422 | D:11     | Reached skill level 10 in Fighting
 10432 | D:11     | Killed namelastname112's ghost
 10432 | D:11     | Reached ****** piety under Cheibriados
 10432 | D:11     | Reached XP level 12. HP: 46/97 MP: 10/22
 10507 | D:11     | Noticed a catoblepas
 10531 | D:11     | HP: 5/145 [catoblepas (14)]
 10534 | D:11     | Slain by a catoblepas

Vault maps used:
D:1:      dpeg_arrival_signposts, minmay_misc_feat_rows, st_stairs_10,
          grunt_decor_one_mirror
D:2:      marbit_many_paths
D:3:      old_standard_altar, cheibriados_altar_wand_db,
          amethyst_overflow_temple_binary, first_bread, kennysheep_another_room,
          uniq_natasha, uniq_terence
D:4:      zin_scriptorium, temple_fountains, serial_shops, shop,
          lemuel_angel_altar, uniq_grinder
D:5:      serial_shops, kennysheep_mini_moat, basic_altar, uniq_duvessa
D:6:      kiku_gazebo_pond_becter, nicolae_overflow_crystal_walls,
          lemuel_round_altar, kennysheep_little_box
D:7:      erik_1, vehumet_statue, lemuel_crystal_altar, uniq_prince_ribbit1
D:8:      minmay_weird_star, xom_butterflies, bloody_makhleb
D:9:      kennysheep_blocky_room, uniq_pikel
D:10:     enter_trove_1, uniq_maud, uniq_urug, uniq_harold
D:11:     erik_lair_orcish_takeover
D:12:     kennysheep_snake, minmay_orc_entry_guard_dogs
Temple:   circular_temple_6

Skill      XL: |  1  2  3  4  5  6  7  8  9 10 11 12 |
---------------+-------------------------------------+-----
Dodging        | 3 |  3.8
Armour         | 1 2 3 4 5 6 7 |  7.0
Fighting       | 4 5 6 7 9 10 | 10.1
Invocations    | 1 2 3 5 7 9 10 11 | 11.9
Shields        | 1 2 3 4 |  4.8
Spellcasting   | 1 4 5 7 |  7.1
Air Magic      | 3 5 6 |  6.7
Stealth        | |  1.7
Unarmed Combat | |  3.6

Action                   |  1- 3 |  4- 6 |  7- 9 | 10-12 || total
-------------------------+-------+-------+-------+-------++-------
Melee: Unarmed           |   129 |     8 |       |       ||   137
       Kick              |    28 |    90 |   223 |   180 ||   521
       Punch             |     2 |     2 |       |       ||     4
       Dagger            |       |   206 |       |       ||   206
       Spear             |       |    30 |   433 |    85 ||   548
       Hand axe          |       |       |    35 |       ||    35
       Broad axe         |       |       |       |   263 ||   263
Throw: Tomahawk          |       |     1 |    10 |    13 ||    24
 Cast: Mephitic Cloud    |       |       |       |     9 ||     9
       Repel Missiles    |       |       |       |     1 ||     1
Invok: Temporal Distorti |       |       |     1 |       ||     1
       Slouch            |       |       |     4 |     5 ||     9
Evoke: Wand              |       |     2 |     2 |     4 ||     8
  Use: Scroll            |     7 |     6 |     8 |    11 ||    32
       Potion            |       |     1 |     1 |     8 ||    10
 Stab: Sleeping          |     2 |       |     8 |     4 ||    14
       Invisible         |       |       |       |     2 ||     2
       Confused          |       |       |       |     5 ||     5
       Distracted        |       |       |       |     1 ||     1
       Petrified         |       |       |       |     1 ||     1
  Eat: Chunk             |     2 |     4 |     8 |     9 ||    23
Armor: Robe              |     6 |       |       |       ||     6
       Plate armour      |    71 |   187 |   152 |       ||   410
       Leather armour    |    11 |       |    66 |    42 ||   119
       Skin              |       |       |    17 |    16 ||    33
       Ring mail         |       |       |       |   138 ||   138
Dodge: Dodged            |    41 |    73 |   215 |   315 ||   644
       Deflected         |       |       |       |     2 ||     2
Block: Buckler           |       |    38 |   141 |   174 ||   353
